AoeStats
← SDK. EL COLOMBIANO

Arabian Desert

510103779Analyzed
1v1 RM · 3d ago on Sep 29, 2026· 38m 8s· 2 players
Game mode
Random Map
Map size
Tiny (2 player)
Population
200
Speed
Normal
Resources
Standard
Victory
Conquest
Starting age
Dark Age
Ending age
Imperial Age
RankedLock teamsTeams togetherTeam positionsShared explorationLock speedFull tech treeHidden civsTurbo modeCheats
Victory
Defeat
🇧🇷 Japanese · Brazil
937
+15
🇨🇴 Magyars · Colombia
906
-15
bleal86
11:44 Feudal Age
12:21 Double-Bit Axe
12:06 Man-at-Arms
13:28 Arson
15:30 Horse Collar
20:53 Castle Age
21:11 Pikeman
21:41 Loom
22:22 Bow Saw
23:06 Squires
23:06 Gold Mining
25:12 Forging
27:06 Scale Mail Armor
29:32 Chain Mail Armor
32:45 Wheelbarrow
31:55 Town Watch
34:45 Hand Cart
34:31 Town Patrol
SDK. EL COLOMBIANO
13:36 Feudal Age
12:50 Loom
17:21 Castle Age
21:47 Husbandry
27:05 Scale Barding Armor
35:24 Fletching
38:00 Bodkin Arrow
38:07 Padded Archer Armor
38:29 Ballistics
Connection lost

Rejoining the realm…

Still unreachable

The connection could not be restored.

Session expired

The server has moved on; the page needs a fresh start.